 Dungeon Crawl Stone Soup version 0.30-a0-553-g7fabdf1491 (webtiles) character file.

Game seed: 1856586765707092617

56 Armakuni the Covered (level 4, -3/37 HPs)
             Began as a Human Wanderer on Dec 26, 2022.
             Slain by a gnoll
             ... wielding a +0 flail
              (6 damage)
             ... on level 1 of the Dungeon.
             The game lasted 00:04:36 (1663 turns).

Armakuni the Covered (Human Wanderer)               Turns: 1663, Time: 00:04:37

Health: -3/37      AC:  3    Str: 19    XL:     4   Next: 17%
Magic:  4/4        EV: 11    Int:  9    God:
Gold:   105        SH:  0    Dex: 11    Spells: 3/3 levels left

rFire   . . .      SeeInvis .    a - +0 mace
rCold   . . .      Faith    .    (no shield)
rNeg    . . .      Spirit   .    h - +0 leather armour
rPois   .          Reflect  .    (no helmet)
rElec   .          Harm     .    (no cloak)
rCorr   .          Rampage  .    (no gloves)
Will    .....                    (no boots)
Stlth   +                        (no amulet)
HPRegen 0.26/turn                (no ring)
MPRegen 0.09/turn                (no ring)

@: no status effects
A: no striking features
a: no special abilities


You were on level 1 of the Dungeon.
You visited 1 branch of the dungeon, and saw 2 of its levels.

You collected 105 gold pieces.

Inventory:

Hand Weapons
 a - a +0 mace (weapon)
Armour
 h - a +0 leather armour (worn)
Jewellery
 J - a ring of ice
Scrolls
 b - 2 scrolls of fog
 g - 3 scrolls of identify


   Skills:
 - Level 4.0 Fighting
 - Level 1.0 Maces & Flails
 - Level 5.0 Armour
 + Level 1.8 Dodging
 + Level 2.7 Evocations


You had 3 spell levels left.
You didn't know any spells.
Your spell library was empty.

Dungeon Overview and Level Annotations

Branches:
Dungeon (2/15)

Altars:


Message History

You climb upwards.
There is a stone staircase leading down here.
Okay, then.
You aren't carrying any potions.
You aren't carrying any items that you can evoke.
Throw: 3 darts (poison)
Press: ? - help, Q - select action Shift-Dir - straight line, f - gnoll
Aim: a gnoll, wielding a +0 flail (lightly wounded, 61% to hit)
You throw a poisoned dart. The poisoned dart hits the gnoll.
The gnoll is poisoned.
The gnoll is lightly wounded.
The gnoll closely misses you.
Throw: 2 darts (poison)
Press: ? - help, Q - select action Shift-Dir - straight line, f/p - gnoll
Aim: a gnoll, wielding a +0 flail (moderately wounded, poisoned, 61% to hit)
You throw a poisoned dart.
The poisoned dart barely misses the gnoll.
The gnoll misses you.
Throw: dart (poison)
Press: ? - help, Q - select action Shift-Dir - straight line, f/p - gnoll
Aim: a gnoll, wielding a +0 flail (moderately wounded, poisoned, 61% to hit)
You throw a poisoned dart. The poisoned dart hits the gnoll.
The gnoll is moderately wounded.
The gnoll closely misses you.
You hit the gnoll. You punch the gnoll.
The gnoll is heavily wounded.
The gnoll hits you with a +0 flail!
* * * LOW HITPOINT WARNING * * *
The gnoll hits you with a +0 flail.
* * * LOW HITPOINT WARNING * * *
You hit the gnoll but do no damage.
The gnoll is heavily wounded.
The gnoll barely misses you.
You barely miss the gnoll.
The gnoll is heavily wounded.
The gnoll misses you.
You closely miss the gnoll. Your punch misses the gnoll.
The gnoll is heavily wounded.
The gnoll looks more healthy.
The gnoll hits you with a +0 flail.
You die...

# #.....# #.#...#.######.# #
##...## #.##.##.# #.# # ##.##
#.##.##.# #.# # #.# #.......#
#÷# # #.# ####'#### #.# # #.#
##...## ##.## # #.## ##.....##
##>..# # #..## ##.......##
#....#
######...####...@g....###....##
....†.................'.......#
####..................###....##
#.#..####.#.......####.#.###
#.#...# #.##.....##........#
#.###.# #.###...###.##.###.#
#.# #.# #.# ##'## #.##.# #.#
#.###.###.# ##.## #.##.###.#
#.........###...###.##.....#


You could see a gnoll.

Vanquished Creatures
  2 adders (D:2)
  2 endoplasms (D:1)
  2 giant cockroaches
  3 hobgoblins
  8 jackals
  5 kobolds
  2 quokkas (D:2)
  2 ball pythons
  2 bats (D:1)
  A frilled lizard (D:1)
  4 goblins
  3 rats
36 creatures vanquished.

Notes
Turn   | Place    | Note
-------+----------+-------------------------------------------
     0 | D:1      | Armakuni the Human Wanderer began the quest for the Orb.
     0 | D:1      | Armakuni set off with the following items: a +0 club, a
                  | scroll of fog, a wand of flame (4), a potion of heal
                  | wounds, a +0 chain mail.
     0 | D:1      | Reached XP level 1. HP: 19/19 MP: 1/1
   173 | D:1      | Reached XP level 2. HP: 8/25 MP: 2/2
  1072 | D:1      | Reached skill level 1 in Dodging
  1089 | D:1      | Reached XP level 3. HP: 13/30 MP: 3/3
  1382 | D:2      | Reached XP level 4. HP: 12/37 MP: 4/4
  1522 | D:2      | Reached skill level 1 in Maces & Flails
  1663 | D:1      | Slain by a gnoll

Illustrated notes

Levels and vault maps discovered:
D:1:      amcnicky_arrival_blooded_trapdoor, layout_loops_corners
D:2:      layout_basic, st_stairs_13, minmay_surrounded, uniq_terence

Skill      XL: |  1  2  3  4 |
---------------+-------------+-----
Evocations     | 2 |  2.7
Dodging        | 1 |  1.8
Maces & Flails | 1 |  1.0
Fighting       | |  4.0
Armour         | |  5.0

Action                   |  1- 3 |  4- 6 || total
-------------------------+-------+-------++-------
Melee: Club              |    90 |       ||    90
       Punch             |     1 |     1 ||     2
       Mace              |    40 |    22 ||    62
Throw: Dart              |       |     8 ||     8
Evoke: Wand              |     4 |       ||     4
  Use: Scroll            |     3 |       ||     3
       Potion            |     2 |       ||     2
Armor: Chain mail        |     7 |       ||     7
       Leather armour    |    44 |    10 ||    54
Dodge: Dodged            |    97 |    31 ||   128

Table legend: (Time is in decaauts)
 A = Elapsed time spent in this place.
 B = Non-inter-level travel time spent in this place.
 C = Inter-level travel time spent in this place.
 D = Time resting spent in this place.
 E = Time spent auto-exploring this place.
 F = Levels seen in this place.
 G = Mean time per level.
                   A        B        C        D        E       F      G
               +--------+--------+--------+--------+--------+-----+--------+
         Total |   1711 |   1697 |     14 |    360 |    874 |   2 |  855.5 |
       Dungeon |   1711 |   1697 |     14 |    360 |    874 |   2 |  855.5 |
               +--------+--------+--------+--------+--------+-----+--------+

Top non-repeatable levels by time:
     D:1: 1229 daAuts
     D:2: 482 daAuts
